 Dungeon Crawl Stone Soup version 0.30.1-11-g7821555f0a (webtiles) character file.

Game seed: 2151242802927990833

71398 Cheops the Warrior (level 15, -4/184 HPs)
             Began as an Ogre Gladiator on Dec 8, 2023.
             Was a High Priest of the Shining One.
             Slain by Rupert
             ... wielding a +2 battleaxe of venom
              (27 damage)
             ... on level 13 of the Dungeon.
             The game lasted 02:10:02 (34172 turns).

Cheops the Warrior (Ogre Gladiator)                Turns: 34172, Time: 02:10:02

Health: -4/184     AC: 17    Str: 22    XL:     15   Next: 36%
Magic:  19/19      EV: 15    Int: 14    God:    the Shining One [*****.]
Gold:   275        SH:  5    Dex: 14    Spells: 14/14 levels left

rFire   . . .        d - +1 hand axe (flame)
rCold   . . .        (no shield)
rNeg    + + .        z - quicksilver dragon scales of Charity {rElec Will+ Regen+ Int+3}
rPois   .            M - +2 hat
rElec   +            L - +0 cloak
rCorr   .            (gloves unavailable)
SInv    .            (boots unavailable)
Will    ++...        I - amulet of reflection
Stlth   +            W - +5 ring of evasion
HPRegen 1.30/turn    V - +4 ring of protection
MPRegen 0.16/turn

%: reflection
@: lethally poisoned (-4 -> -49), about to teleport, glowing
A: large, unfitting armour, tough skin 1
a: Renounce Religion, Divine Shield, Cleansing Flame, Summon Divine Warrior


You were on level 13 of the Dungeon.
You worshipped the Shining One.
The Shining One was extremely pleased with you.
You visited 3 branches of the dungeon, and saw 19 of its levels.
You also visited: Ice Cave.

You collected 1328 gold pieces.
You spent 1053 gold pieces at shops.

Inventory:

Hand Weapons
 a - a +4 giant club
 b - a +2 antimagic flail
 d - a +1 hand axe of flaming (weapon)
 y - a +4 heavy flail
Missiles
 f - 4 curare-tipped darts
 B - 11 boomerangs
 C - 16 large rocks (quivered)
 D - a throwing net
 E - 55 poisoned darts
Armour
 k - +0 ice dragon scales
 z - the quicksilver dragon scales of Charity (worn) {rElec Will+ Regen+ Int+3}
   (You bought it in a shop on level 2 of the Dungeon)

   Int:       It affects your intelligence (+3).
   rElec:     It insulates you from electricity.
   Regen:     It increases your rate of health regeneration.
   Will:      It increases your willpower.
 L - a +0 cloak (worn)
 M - a +2 hat (worn)
 N - +0 swamp dragon scales
Magical Staves
 c - a staff of poison
 e - a staff of air
 P - a staff of fire
 U - a staff of cold
Jewellery
 g - a ring of poison resistance
 h - a ring of ice
 I - an amulet of reflection (around neck)
 R - a +6 ring of strength
 V - a +4 ring of protection (right hand)
 W - a +5 ring of evasion (left hand)
Wands
 i - a wand of iceblast (27)
 G - a wand of acid (6)
 K - a wand of flame (35)
 O - a wand of charming (20)
 T - a wand of polymorph (2)
 Z - a wand of digging (8)
Scrolls
 l - 2 scrolls of summoning
 p - 2 scrolls of blinking
 q - 8 scrolls of teleportation
 r - 4 scrolls of enchant weapon
 s - a scroll of poison
 u - a scroll of magic mapping
 x - 5 scrolls of vulnerability
 A - 5 scrolls of fog
 J - a scroll of acquirement {unknown}
 X - a scroll of fear
 Y - a scroll of immolation
Potions
 j - 2 potions of berserk rage
 m - 4 potions of mutation
 n - 6 potions of curing
 o - 4 potions of flight
 t - 3 potions of ambrosia {unknown}
 v - 5 potions of attraction
 w - 4 potions of might
 F - 2 potions of cancellation
 H - a potion of resistance
 Q - 5 potions of haste
 S - a potion of heal wounds


   Skills:
 - Level 20.5 Fighting
 - Level 18.0 Maces & Flails
 + Level 6.3 Throwing
 - Level 5.0 Dodging
 - Level 5.4 Invocations


You had 14 spell levels left.
You didn't know any spells.
Your spell library contained the following spells:

 Spells                   Type           Power      Damage    Failure   Level
 Beastly Appendage        Tmut           0%         N/A       43%         1
 Magic Dart               Conj           0%         1d3       43%         1
 Cigotuvi's Dreadful Rot  Necr/Pois/Air  0%         N/A       56%         2
 Lesser Beckoning         Tloc           0%         N/A       56%         2
 Searing Ray              Conj           0%         2d4       56%         2
 Wereblood                Tmut           0%         N/A       56%         2
 Frozen Ramparts          Ice            0%         1d1       80%         3
 Gell's Gravitas          Tloc           0%         N/A       80%         3
 Ignite Poison            Fire/Tmut/Pois 0%         N/A       80%         3
 Spider Form              Tmut/Pois      0%         N/A       80%         3
 Summon Guardian Golem    Hex/Summ       0%         N/A       80%         3
 Teleport Other           Tloc           0%         N/A       80%         3
 Cause Fear               Hex            0%         N/A       99%         4
 Fulminant Prism          Conj/Hex       0%         3d5       99%         4
 Ice Form                 Ice/Tmut       0%         N/A       99%         4
 Olgreb's Toxic Radiance  Pois           0%         N/A       99%         4
 Petrify                  Tmut/Erth      0%         N/A       99%         4
 Summon Ice Beast         Ice/Summ       0%         N/A       99%         4
 Alistair's Intoxication  Tmut/Pois      0%         N/A       100%        5
 Borgnjor's Vile Clutch   Necr/Erth      0%         N/A       100%        5
 Freezing Cloud           Conj/Ice/Air   0%         6-21      100%        5
 Metabolic Englaciation   Hex/Ice        0%         N/A       100%        5
 Eringya's Noxious Bog    Tmut/Pois      0%         N/A       100%        6
 Simulacrum               Ice/Necr       0%         N/A       100%        6
 Statue Form              Tmut/Erth      0%         N/A       100%        6
 Dragon Form              Tmut           0%         N/A       100%        7
 Orb of Destruction       Conj           0%         9d5       100%        7
 Ozocubu's Refrigeration  Ice            0%         4d7       100%        7
 Spellforged Servitor     Conj/Summ      0%         N/A       100%        7
 Discord                  Hex            0%         N/A       100%        8
 Ignition                 Fire           0%         3d3       100%        8
 Dragon's Call            Summ           0%         N/A       100%        9
 Polar Vortex             Ice            0%         N/A       100%        9


Dungeon Overview and Level Annotations

Branches:
Dungeon (13/15)            Temple (1/1) D:6            Lair (5/5) D:8
 Shoals (0/4) Lair:2        Snake (0/4) Lair:3        Slime (0/5) Lair:4
    Orc (0/2) D:9           IceCv (visited)
 Vaults: D:13-14

Altars:
Ashenzari
Cheibriados
Dithmenos
Elyvilon
Fedhas
Gozag
Hepliaklqana
Kikubaaqudgha
Makhleb
Nemelex Xobeh
Okawaru
Qazlal
Ru
Sif Muna
Trog
Uskayaw
Vehumet
Wu Jian
Xom
Yredelemnul
Zin
The Shining One
Jiyva

Shops:
D:1 *   D:2 *   D:6 *   D:7 (?!*   D:11 !?!([

Annotations:
D:13 Rupert


Innate Abilities, Weirdness & Mutations

You are too large for most types of armour.
You have tough skin. (AC +1)


Message History

Rupert is moderately wounded.
Rupert roars madly and goes into a rage!
Rupert goes berserk!
You barely miss Rupert.
Rupert is moderately wounded.
Rupert hits you with a +2 battleaxe of venom!!
You hit Rupert. You burn Rupert.
Rupert is moderately wounded.
You block Rupert's attack.
You hit Rupert but do no damage.
Rupert is moderately wounded.
Rupert hits you with a +2 battleaxe of venom!!
You are poisoned.
You slash Rupert! You burn Rupert.
Rupert is moderately wounded.
You feel extremely sick. Rupert misses you.
You hit Rupert but do no damage.
Rupert is moderately wounded.
You feel very sick.
Rupert hits you with a +2 battleaxe of venom!
* * * LOW HITPOINT WARNING * * *
You are more poisoned.
You hit Rupert but do no damage.
Rupert is moderately wounded.
You feel extremely sick.
Rupert hits you with a +2 battleaxe of venom!!
* * * LOW HITPOINT WARNING * * *
You are more poisoned.
As you read the scroll of teleportation, it crumbles to dust.
You feel strangely unstable.
You feel extremely sick.
Rupert hits you with a +2 battleaxe of venom!!
* * * LOW HITPOINT WARNING * * *
You are more poisoned.
* * * LOW HITPOINT WARNING * * *
You feel extremely sick.
Rupert rages.
Rupert hits you with a +2 battleaxe of venom!!
You die...

#.#######
########
#.#
#.......
#.#
#.######
#.#
#.######
#†#
#.......
#.#
########
#.# #.#
#@# #@#
#....#
#.(..#
..(....
#.......
#.......#
###...#.#
.... #.


You could see Rupert (berserk).

Vanquished Creatures
  Frances (D:13)
  Gastronok (Lair:1)
  The ghost of JumbleTraveling the Bludgeoner, a journeyman GrBe of Trog (Lair:5)
  Josephine (D:12)
  7 hydras
  Erolcha (D:13)
  2 boulder beetles
  A centaur warrior (D:8)
  9 death yaks
  A two-headed ogre (D:12)
  Sonja (Lair:4)
  3 skysharks
  Amaemon (Lair:3)
  A fire crab (D:8)
  4 skeletal warriors
  A deep elf pyromancer (D:13)
  3 manticores
  3 ugly things
  4 cyclopes
  22 elephants
  Maurice (D:9)
  2 ice statues (IceCv)
  2 black mambas
  2 gargoyles
  An unseen horror (D:10)
  19 cane toads
  An orange demon (Lair:3)
  A rime drake (Lair:4)
  5 komodo dragons
  Maggie (D:7)
  2 kobold demonologists (D:12)
  6 trolls
  Prince Ribbit (Lair:2)
  5 tyrant leeches (Lair:5)
  20 blink frogs
  A hornet (D:9)
  2 polar bears
  Sigmund (D:2)
  3 slime creatures (Lair:4)
  3 wyverns
  2 shadows (D:11)
  38 yaks
  6 wraiths
  A dire elephant simulacrum (IceCv)
  5 basilisks
  19 vampire mosquitoes
  A warg (D:9)
  4 steam dragons
  Menkaure (D:5)
  3 nagas (Lair:3)
  12 water moccasins
  An acid dragon (D:13)
  Duvessa (D:6)
  2 ice beasts
  6 orc warriors
  A sky beast (D:8)
  3 black bears
  4 ogres
  8 wolves
  18 centaurs
  A phantom (D:5)
  8 kobold brigands
  25 bullfrogs
  5 necrophages
  2 scorpions
  A wight (D:8)
  Dowan (D:6)
  10 killer bees
  6 howler monkeys
  2 jellies
  3 hounds
  7 orc priests
  2 gnoll boudas
  5 iguanas
  14 orc wizards
  2 sleepcaps
  Natasha (thrice) (D:2)
  A polar bear simulacrum (IceCv)
  Terence (D:2)
  A wolf simulacrum (IceCv)
  Robin (D:2)
  7 adders
  17 gnolls
  A shadow imp (D:7)
  A white imp (D:6)
  An ufetubus (D:6)
  2 worms (D:2)
  2 dart slugs
  42 orcs
  5 endoplasms
  5 giant cockroaches
  12 goblins
  10 hobgoblins
  2 jackals (D:2)
  17 kobolds
  3 quokkas (D:2)
  7 ball pythons
  3 bats
  3 frilled lizards
  6 rats
530 creatures vanquished.

Notes
Turn   | Place    | Note
-------+----------+-------------------------------------------
     0 | D:1      | Cheops the Ogre Gladiator began the quest for the Orb.
     0 | D:1      | Reached XP level 1. HP: 22/22 MP: 1/1
    41 | D:1      | Found Mazat's Assorted Antiques.
   144 | D:1      | Reached XP level 2. HP: 26/29 MP: 2/2
   529 | D:2      | Reached XP level 3. HP: 28/36 MP: 3/3
   783 | D:2      | Noticed Robin
   892 | D:2      | Killed Robin
  1023 | D:2      | Reached XP level 4. HP: 44/44 MP: 4/4
  1086 | D:2      | Noticed Sigmund
  1104 | D:2      | Killed Sigmund
  1105 | D:2      | Reached skill level 5 in Maces & Flails
  1105 | D:2      | Reached XP level 5. HP: 45/50 MP: 5/5
  1105 | D:2      | Reached XP level 6. HP: 54/59 MP: 6/6
  1203 | D:2      | Noticed Natasha
  1215 | D:2      | Killed Natasha
  1325 | D:2      | Noticed Natasha
  1342 | D:2      | Killed Natasha
  1399 | D:2      | Noticed Natasha
  1411 | D:2      | Killed Natasha
  1641 | D:2      | Found Uroh's General Store.
  1644 | D:2      | Bought a scroll of identify for 20 gold pieces
  1864 | D:2      | Noticed Terence
  1865 | D:2      | Killed Terence
  3016 | D:4      | Found a shimmering altar of Xom.
  3018 | D:4      | Found an ornate altar of the Wu Jian Council.
  3197 | D:4      | Reached XP level 7. HP: 66/66 MP: 7/7
  3517 | D:4      | Found a burning altar of Makhleb.
  4112 | D:4      | Found a glowing silver altar of Zin.
  4819 | D:5      | Entered Level 5 of the Dungeon
  4930 | D:5      | Noticed Menkaure
  5233 | D:6      | Found a bloodstained altar of Trog.
  5413 | D:6      | Found Suablimi's Fire Supplies.
  5637 | D:6      | Reached skill level 5 in Dodging
  5637 | D:6      | Reached XP level 8. HP: 48/74 MP: 8/8
  6178 | D:6      | Noticed Dowan
  6210 | D:6      | Killed Dowan
  6484 | D:5      | Killed Menkaure
  6594 | D:5      | Reached XP level 9. HP: 68/80 MP: 9/9
  6917 | D:5      | Reached skill level 10 in Maces & Flails
  7905 | D:1      | Found Mazat's Assorted Antiques.
  8353 | D:2      | Found Uroh's General Store.
  9506 | D:4      | Found a shimmering altar of Xom.
  9510 | D:4      | Found an ornate altar of the Wu Jian Council.
  9562 | D:4      | Found a burning altar of Makhleb.
 10081 | D:4      | Found a glowing silver altar of Zin.
 10857 | D:6      | Noticed Duvessa
 10951 | D:6      | Killed Duvessa
 11198 | D:6      | Found a staircase to the Ecumenical Temple.
 11349 | Temple   | Entered the Ecumenical Temple
 11655 | Temple   | Became a worshipper of the Shining One
 11763 | D:7      | Reached skill level 3 in Fighting
 11763 | D:7      | Reached skill level 1 in Invocations
 11989 | D:7      | Found Zehil's Antique Weapon Shop.
 12040 | D:7      | Reached skill level 4 in Fighting
 12146 | D:7      | Reached skill level 5 in Fighting
 12442 | D:7      | Reached skill level 6 in Fighting
 12571 | D:7      | Noticed Maggie
 12576 | D:7      | Killed Maggie
 12577 | D:7      | Reached skill level 7 in Fighting
 12577 | D:7      | Reached XP level 10. HP: 102/102 MP: 12/12
 12674 | D:7      | Found Xoimyf's Magic Scroll Boutique.
 12682 | D:7      | Bought a scroll of identify for 24 gold pieces
 12734 | D:7      | Found Roun's Distillery.
 12741 | D:7      | Found Gall's General Store.
 13183 | D:8      | Reached skill level 8 in Fighting
 13495 | D:8      | Noticed a centaur warrior
 13524 | D:8      | Killed a centaur warrior
 13525 | D:8      | Reached skill level 9 in Fighting
 13527 | D:8      | Reached skill level 5 in Invocations
 13669 | D:8      | Noticed a six-headed hydra
 13765 | D:9      | Reached skill level 10 in Fighting
 13874 | D:9      | Found an iron altar of Okawaru.
 14084 | D:9      | Noticed Maurice
 14092 | D:9      | Killed Maurice
 14171 | D:9      | Reached * piety under the Shining One
 14172 | D:9      | Reached skill level 11 in Fighting
 14441 | D:9      | Found a staircase to the Orcish Mines.
 14605 | D:9      | Reached XP level 11. HP: 105/120 MP: 15/15
 15072 | D:6      | Bought a +1 hand axe of flaming for 148 gold pieces
 15204 | D:8      | Killed a one-headed hydra
 15301 | D:8      | Reached skill level 12 in Fighting
 15407 | D:8      | Found a staircase to the Lair.
 15407 | D:8      | Noticed a fire crab
 16007 | D:8      | Killed a fire crab
 16188 | D:8      | Identified the +8 rapier of Zull {flame, Str+4 Int+3 Dex+3}
 16216 | D:8      | Noticed a cyclops
 16221 | D:8      | Killed a cyclops
 16547 | D:10     | Entered Level 10 of the Dungeon
 16687 | D:10     | Reached skill level 13 in Fighting
 17281 | D:11     | Found Kooxt's Armour Shoppe.
 17323 | D:11     | Reached ** piety under the Shining One
 18694 | D:11     | Found Ulo Jych's Antique Weapon Shoppe.
 18706 | D:11     | Found Dafoceus's Magic Scroll Boutique.
 18715 | D:11     | Found Diny's Distillery.
 18729 | D:11     | Reached XP level 12. HP: 109/137 MP: 16/16
 19034 | D:11     | Found Hooc's Distillery.
 19085 | D:11     | Reached skill level 14 in Fighting
 19600 | D:12     | Found a frozen archway.
 19609 | IceCv    | Entered an ice cave
 19628 | IceCv    | Reached *** piety under the Shining One
 19833 | IceCv    | Found a transporter.
 19841 | IceCv    | Found a transporter.
 20110 | IceCv    | Identified the +1 falchion "Aregg" {protect, rPois rF++
                  | rC-}
 20454 | D:12     | Noticed Josephine
 20467 | D:12     | Killed Josephine
 20468 | D:12     | Reached skill level 15 in Fighting
 21179 | D:12     | Noticed a two-headed ogre
 21188 | D:12     | Killed a two-headed ogre
 21621 | D:12     | Reached XP level 13. HP: 136/152 MP: 17/17
 21817 | D:12     | Reached skill level 16 in Fighting
 23564 | D:11     | Found Kooxt's Armour Shoppe.
 23600 | D:11     | Found Ulo Jych's Antique Weapon Shoppe.
 23793 | D:11     | Found Diny's Distillery.
 23814 | D:11     | Found Dafoceus's Magic Scroll Boutique.
 23843 | D:11     | Found Hooc's Distillery.
 24743 | D:9      | Found a staircase to the Orcish Mines.
 24897 | D:9      | Found an iron altar of Okawaru.
 25355 | D:8      | Found a staircase to the Lair.
 25721 | Lair:1   | Entered Level 1 of the Lair of Beasts
 25992 | Lair:1   | Reached skill level 15 in Maces & Flails
 26105 | Lair:1   | Noticed Gastronok
 26120 | Lair:1   | Killed Gastronok
 26557 | Lair:2   | Reached **** piety under the Shining One
 26801 | Lair:2   | Found a staircase to the Shoals.
 27010 | Lair:2   | Noticed Prince Ribbit
 27032 | Lair:2   | Killed Prince Ribbit
 28211 | Lair:3   | Reached skill level 17 in Fighting
 28672 | Lair:3   | Noticed Amaemon
 28681 | Lair:3   | Killed Amaemon
 28761 | Lair:3   | Reached XP level 14. HP: 148/166 MP: 18/18
 28849 | Lair:3   | Found a staircase to the Snake Pit.
 29538 | Lair:4   | Reached skill level 18 in Fighting
 29759 | Lair:4   | Found a viscous altar of Jiyva.
 29761 | Lair:4   | Found a staircase to the Slime Pits.
 30045 | Lair:4   | Reached ***** piety under the Shining One
 30365 | Lair:4   | Noticed Sonja
 30369 | Lair:4   | Killed Sonja
 30830 | D:2      | Bought the quicksilver dragon scales of Charity {rElec
                  | Will+ Regen+ Int+3} for 803 gold pieces
 31044 | Lair:5   | Entered Level 5 of the Lair of Beasts
 31524 | Lair:5   | Found a runed translucent door.
 31525 | Lair:5   | Noticed JumbleTraveling's ghost (journeyman GrBe)
 31551 | Lair:5   | Reached skill level 19 in Fighting
 31772 | Lair:5   | Reached XP level 15. HP: 182/182 MP: 19/19
 31801 | Lair:5   | Reached skill level 20 in Fighting
 32446 | Lair:5   | Killed JumbleTraveling's ghost
 33427 | D:1      | Bought a scroll of identify for 58 gold pieces
 33667 | D:13     | Noticed Erolcha
 33671 | D:13     | Killed Erolcha
 33710 | D:13     | Reached skill level 5 in Throwing
 33789 | D:13     | Noticed Frances
 33805 | D:13     | Killed Frances
 34162 | D:13     | Noticed Rupert
 34172 | D:13     | Slain by Rupert

Illustrated notes

Levels and vault maps discovered:
D:1:      dpeg_arrival_water_temple_mockup, layout_rooms, serial_shops, shop
D:2:      layout_loops_corners, serial_shops, nicolae_shop_behind_doors,
          grunt_decor_resistance, minmay_splitting_lines, grunt_ministairs_3,
          fountainhead, uniq_terence, uniq_sigmund, uniq_robin, uniq_natasha
D:3:      layout_basic
D:4:      layout_basic, mainiacjoe_overflow_24_doors,
          mainiacjoe_overflow_alcove_4, mainiacjoe_overflow_divided_tiny
D:5:      layout_basic, uniq_menkaure
D:6:      layout_basic, mainiacjoe_overflow_surrounded_room,
          minmay_temple_entry_glass, eino_small_chamber_without_monster,
          nicolae_shop_fire_sale [nicolae_sub_dead_trees], uniq_duvessa
D:7:      layout_loops_corners, serial_shops, nicolae_shop_crystal,
          shop_fountains, shop, shop_statue, chequers_serial_rivers_small_3,
          uniq_maggie
D:8:      layout_rooms, minmay_lair_entry_lava, minmay_the_grid_2x2
          [minmay_the_grid_mess, minmay_the_grid_garden,
          minmay_the_grid_large_cup,
          minmay_the_grid_prize_four_corners_diamond_a]
D:9:      layout_roguey, okawaru_ov_weapons_minmay, erik_orc_3, uniq_maurice
D:10:     layout_small_grid
D:11:     layout_roguey, serial_shops, nicolae_stop_n_shop_2,
          nicolae_shop_pleasant_corner_grove, nicolae_shop_tiny_statue_garden,
          nicolae_shop_peninsula, shop, glass_columns_a,
          hangedman_decor_opposing, nicolae_concentric_dashed_squares_mild,
          moated_statue, centaur_isle
D:12:     layout_stronghold, portal_ice_cave_entry_pillars_2, uniq_josephine
D:13:     layout_loops_ring, uniq_rupert, uniq_nessos, uniq_frances,
          uniq_erolcha
Temple:   minmay_temple_bridge_d
Lair:1:   layout_concentric_octagons, serial_bayou_shore_b, grunt_megastairs_5,
          uniq_gastronok
Lair:2:   layout_hall_layers, minmay_shoals_entry_centaurs,
          roderic_carrion_pond, grunt_megastairs_1, uniq_prince_ribbit2
Lair:3:   layout_roguey, nicolae_snake_entry_squirm, serial_bayou,
          serial_bayou_pond_e, serial_bayou_crossing, serial_bayou_pond_b,
          serial_bayou_pond_b, beast_lair_carwin_5, uniq_amaemon
Lair:4:   layout_misc_corridors, minmay_slime_entry_pillars,
          serial_bayou_shore_b, lemuel_fruit_tree, lemuel_fruit_fields,
          lemuel_fruit_fields, uniq_sonja
Lair:5:   minmay_lair_end_frog_pond, layout_cave_pods, gammafunk_ghost_grave,
          serial_bayou_pond_d

Skill      XL: |  1  2  3  4  5  6  7  8  9 10 11 12 13 14 15 |
---------------+----------------------------------------------+-----
Maces & Flails | 3 4 5 6 7 9 10 11 12 14 16 18 | 18.0
Dodging        | 3 4 5 |  5.0
Throwing       | 4 6 |  6.3
Fighting       | 7 11 13 15 17 19 20 | 20.5
Invocations    | 3 5 |  5.4

Action                     |  1- 3 |  4- 6 |  7- 9 | 10-12 | 13-15 || total
---------------------------+-------+-------+-------+-------+-------++-------
  Melee: Flail             |    91 |   142 |   169 |       |       ||   402
         Punch             |       |     1 |     6 |     1 |     2 ||    10
         Staff             |       |       |    16 |    14 |       ||    30
         Mace              |       |       |    56 |       |       ||    56
         Giant club        |       |       |   157 |   422 |   667 ||  1246
         Hand axe          |       |       |       |     6 |    71 ||    77
  Throw: Stone             |     5 |    13 |    16 |       |       ||    34
         Throwing net      |       |     2 |       |       |       ||     2
         Large rock        |       |     1 |     3 |       |    13 ||    17
         Boomerang         |       |       |     2 |       |       ||     2
 Invoke: Cleansing Flame   |       |       |       |     3 |       ||     3
         Divine Shield     |       |       |       |     1 |       ||     1
  Evoke: Wand              |       |       |       |     5 |     2 ||     7
    Use: Scroll            |       |     5 |    14 |     9 |     7 ||    35
         Potion            |       |     1 |     4 |     3 |       ||     8
   Stab: Sleeping          |     2 |     1 |       |       |       ||     3
         Held in net/web   |       |     1 |       |       |       ||     1
 Armour: Robe              |    18 |    35 |    43 |       |       ||    96
         Steam dragon scal |       |       |    19 |   161 |       ||   180
         Skin              |       |       |     4 |       |       ||     4
         Ice dragon scales |       |       |       |    63 |     5 ||    68
         Swamp dragon scal |       |       |       |       |   156 ||   156
         Quicksilver drago |       |       |       |       |   101 ||   101
  Dodge: Dodged            |    49 |    67 |   195 |   287 |   401 ||   999
  Block: Other             |       |       |       |   145 |   156 ||   301
         Reflection        |       |       |       |    35 |     1 ||    36
